2457 views
Uploaded 2022-01-08 22:08:38
Game version 1.32.10
9:07 long 2on2 ladder game on (4)TwistedMeadows
Saved by qiqi214
2457 views
Uploaded 2022-01-08 22:08:38
Game version 1.32.10
9:07 long 2on2 ladder game on (4)TwistedMeadows


40 units @ 4.9k
/ 0.1k
24 buildings @ 3.6k
/ 1.1k

| Healing Salve | 3 | 300 |
| Scroll of Speed | 2 | 100 |
| Lesser Clarity Potion | 2 | 140 |
| Boots of Speed | 1 | 250 |
| total: | 8 | 790g |
| Peon | 7 | 525 | / | 0 |
| Grunt | 5 | 1000 | / | 0 |
| total: | 12 | 1525g | / | 0w |
| Altar of Storms | 1 | 180 | / | 50 |
| Orc Burrow | 5 | 800 | / | 200 |
| Barracks | 1 | 180 | / | 50 |
| Voodoo Lounge | 2 | 260 | / | 60 |
| War Mill | 2 | 410 | / | 0 |
| Tauren Totem | 1 | 135 | / | 155 |
| Stronghold | 1 | 315 | / | 190 |
| Fortress | 2 | 650 | / | 380 |
| total: | 12 | 1965g | / | 515w |
| 0:03 | Peon |
| 0:03 | Peon |
| 0:04 | Peon |
| 0:08 | Altar of Storms |
| 0:15 | Orc Burrow |
| 0:34 | Barracks |
| 0:44 | Peon |
| 1:03 | Peon |
| 1:29 | Orc Burrow |
| 1:35 | Grunt |
| 1:35 | Grunt |
| 1:38 | Peon |
| 1:55 | Voodoo Lounge |
| 1:58 | Peon |
| 2:12 | Critical Strike |
| 2:27 | Grunt |
| 2:52 | Stronghold |
| 3:20 | Grunt |
| 3:25 | Healing Salve |
| 4:00 | Grunt |
| 4:05 | Healing Salve |
| 4:08 | Scroll of Speed |
| 5:20 | Healing Salve |
| 5:20 | Lesser Clarity Potion |
| 5:20 | Lesser Clarity Potion |
| 5:23 | Orc Burrow |
| 5:27 | Scroll of Speed |
| 6:00 | Orc Burrow |
| 6:11 | Voodoo Lounge |
| 6:13 | Orc Burrow |
| 6:25 | Fortress |
| 6:44 | Boots of Speed |
| 6:54 | Wind Walk |
| 7:38 | War Mill |
| 7:45 | War Mill |
| 8:01 | Wind Walk |
| 8:48 | Tauren Totem |
| Right click | 860 |
| Select group | 511 |
| Select | 151 |
| Misc. action | 72 |
| Assign group | 53 |
| Build/train/purchase | 38 |
| Chat | 24 |
| Use ability | 14 |

| Scroll of Regeneration | 2 | 200 |
| Lesser Clarity Potion | 1 | 70 |
| Scroll of Town Portal | 1 | 350 |
| Scroll of Healing | 1 | 250 |
| Boots of Speed | 1 | 250 |
| Scroll of Protection | 1 | 150 |
| total: | 7 | 1270g |
| Peasant | 12 | 900 | / | 0 |
| Footman | 12 | 1620 | / | 0 |
| Rifleman | 4 | 820 | / | 120 |
| total: | 28 | 3340g | / | 120w |
| Altar of Kings | 1 | 180 | / | 50 |
| Barracks | 2 | 320 | / | 120 |
| Farm | 5 | 400 | / | 100 |
| Arcane Vault | 1 | 130 | / | 30 |
| Town Hall | 1 | 385 | / | 205 |
| Lumber Mill | 1 | 120 | / | 0 |
| Blacksmith | 1 | 140 | / | 60 |
| Keep | 2 | 640 | / | 420 |
| total: | 12 | 1675g | / | 565w |
| 0:02 | Peasant |
| 0:06 | Altar of Kings |
| 0:16 | Peasant |
| 0:19 | Barracks |
| 0:28 | Peasant |
| 0:33 | Farm |
| 0:39 | Peasant |
| 0:59 | Peasant |
| 1:03 | Farm |
| 1:12 | Peasant |
| 1:20 | Footman |
| 1:30 | Peasant |
| 1:33 | Footman |
| 1:42 | Peasant |
| 1:59 | Farm |
| 2:01 | Footman |
| 2:09 | Storm Bolt |
| 2:19 | Arcane Vault |
| 2:37 | Footman |
| 2:38 | Peasant |
| 2:58 | Footman |
| 3:00 | Peasant |
| 3:10 | Bash |
| 3:12 | Scroll of Regeneration |
| 3:12 | Lesser Clarity Potion |
| 3:17 | Peasant |
| 3:31 | Scroll of Regeneration |
| 3:37 | Footman |
| 4:06 | Farm |
| 4:09 | Storm Bolt |
| 4:22 | Town Hall |
| 5:18 | Footman |
| 5:20 | Keep |
| 5:40 | Footman |
| 5:48 | Footman |
| 5:51 | Peasant |
| 6:16 | Footman |
| 6:19 | Farm |
| 6:20 | Lumber Mill |
| 6:22 | Blacksmith |
| 6:24 | Barracks |
| 6:35 | Boots of Speed |
| 6:45 | Footman |
| 6:49 | Thunder Clap |
| 7:35 | Footman |
| 7:39 | Rifleman |
| 7:43 | Scroll of Town Portal |
| 7:43 | Scroll of Healing |
| 7:49 | Scroll of Protection |
| 8:32 | Rifleman |
| 8:33 | Storm Bolt |
| 8:48 | Rifleman |
| 8:56 | Rifleman |
| Right click | 399 |
| Select | 140 |
| Select group | 127 |
| Misc. action | 59 |
| Build/train/purchase | 54 |
| Chat | 44 |
| Assign group | 35 |
| Use ability | 13 |
| Minimap ping | 2 |
| Esc | 1 |
39 units @ 3.8k
/ 0.3k
18 buildings @ 2.9k
/ 0.9k


| Healing Salve | 2 | 200 |
| Scroll of Speed | 1 | 50 |
| total: | 3 | 250g |
| Peon | 7 | 525 | / | 0 |
| Troll Headhunter | 9 | 1260 | / | 180 |
| total: | 16 | 1785g | / | 180w |
| Altar of Storms | 1 | 180 | / | 50 |
| Orc Burrow | 4 | 640 | / | 160 |
| War Mill | 1 | 205 | / | 0 |
| Barracks | 1 | 180 | / | 50 |
| Voodoo Lounge | 1 | 130 | / | 30 |
| Stronghold | 1 | 315 | / | 190 |
| Fortress | 1 | 325 | / | 190 |
| total: | 8 | 1335g | / | 290w |
| 0:01 | Peon |
| 0:01 | Peon |
| 0:06 | Altar of Storms |
| 0:18 | Orc Burrow |
| 0:21 | Peon |
| 0:44 | War Mill |
| 0:46 | Peon |
| 1:04 | Barracks |
| 1:11 | Peon |
| 1:24 | Peon |
| 1:37 | Orc Burrow |
| 1:47 | Peon |
| 2:05 | Feral Spirit |
| 2:06 | Troll Headhunter |
| 2:13 | Troll Headhunter |
| 2:39 | Troll Headhunter |
| 2:56 | Stronghold |
| 3:26 | Troll Headhunter |
| 3:30 | Orc Burrow |
| 3:57 | Troll Headhunter |
| 3:59 | Troll Headhunter |
| 4:17 | Troll Headhunter |
| 4:38 | Troll Headhunter |
| 4:42 | Steel Ranged Weapons |
| 5:22 | Troll Headhunter |
| 6:09 | Voodoo Lounge |
| 6:12 | Fortress |
| 6:29 | Hex |
| 6:40 | Troll Regeneration |
| 7:09 | Orc Burrow |
| 7:18 | Healing Salve |
| 7:19 | Scroll of Speed |
| 7:25 | Healing Salve |
| 7:44 | Thorium Ranged Weapons |
| 8:24 | Chain Lighting |
| 8:25 | Chain Lighting |
| 8:25 | Chain Lighting |
| Right click | 352 |
| Select | 191 |
| Select group | 94 |
| Misc. action | 43 |
| Assign group | 42 |
| Build/train/purchase | 36 |
| Use ability | 7 |


| Wisp | 16 | 960 | / | 0 |
| Archer | 4 | 520 | / | 40 |
| Huntress | 2 | 390 | / | 40 |
| Dryad | 1 | 145 | / | 60 |
| total: | 23 | 2015g | / | 140w |
| Altar of Elders | 1 | 180 | / | 50 |
| Moon Well | 3 | 540 | / | 120 |
| Ancient of War | 2 | 300 | / | 120 |
| Hunter's Hall | 1 | 210 | / | 100 |
| Ancient of Wonders | 2 | 180 | / | 60 |
| Ancient of Lore | 1 | 155 | / | 145 |
| Tree of Ages | 1 | 320 | / | 180 |
| total: | 10 | 1565g | / | 595w |
| 0:02 | Wisp |
| 0:02 | Wisp |
| 0:09 | Altar of Elders |
| 0:19 | Moon Well |
| 0:23 | Wisp |
| 0:36 | Wisp |
| 0:51 | Wisp |
| 0:53 | Ancient of War |
| 1:04 | Wisp |
| 1:13 | Wisp |
| 1:28 | Moon Well |
| 1:34 | Wisp |
| 1:43 | Wisp |
| 1:54 | Archer |
| 1:57 | Wisp |
| 2:11 | Force of Nature |
| 3:06 | Hunter's Hall |
| 3:30 | Ancient of War |
| 3:33 | Moon Well |
| 3:44 | Ancient of Wonders |
| 3:59 | Entangling Roots |
| 4:04 | Tree of Ages |
| 4:17 | Ultravision |
| 4:34 | Archer |
| 5:38 | Archer |
| 5:54 | Archer |
| 6:00 | Ancient of Wonders |
| 6:25 | Wisp |
| 6:26 | Wisp |
| 6:26 | Wisp |
| 6:35 | Ancient of Lore |
| 6:48 | Breath of Fire |
| 7:35 | Wisp |
| 7:36 | Wisp |
| 7:47 | Huntress |
| 7:47 | Huntress |
| 7:55 | Dryad |
| 7:56 | Druid of the Claw Adept Training |
| 8:05 | Wisp |
| Right click | 325 |
| Select | 189 |
| Build/train/purchase | 33 |
| Misc. action | 24 |
| Use ability | 18 |
| Select group | 9 |
| Assign group | 8 |
⇛